 Dungeon Crawl Stone Soup version 0.30.0 (webtiles) character file.

Game seed: 18337741971487771058

37 BANAMAN the Ruffian (level 3, -6/28 HPs)
             Began as a Demigod Transmuter on Dec 11, 2023.
             Mangled by Terence
             ... wielding a +0 flail
              (13 damage)
             ... on level 2 of the Dungeon.
             The game lasted 00:12:02 (981 turns).

BANAMAN the Ruffian (Demigod Transmuter)             Turns: 981, Time: 00:12:03

Health: -6/28      AC:  2    Str: 15    XL:     3   Next: 8%
Magic:  5/9        EV: 12    Int: 21    God:
Gold:   54         SH:  0    Dex: 14    Spells: 3/6 levels left

rFire   . .          .
                       - Unarmed
rCold   . . .        (no shield)
rNeg    . . .        a - +0 robe
rPois   .            (helmet currently unavailable)
rElec   .            (no cloak)
rCorr   .            (no gloves)
SInv    .            (boots currently unavailable)
Will    .....        (no amulet)
Stlth   +            f - +6 ring of intelligence
HPRegen 0.24/turn    (no ring)
MPRegen 0.11/turn

%: no passive effects
@: lethally poisoned (-6 -> -10), appendages, wereblooded, invisible
A: horns 2, talons 2, high MP 1, forlorn, divine attributes
a: End Transformation


You were on level 2 of the Dungeon.
You had temporarily grown beastly horns and talons.
You visited 1 branch of the dungeon, and saw 2 of its levels.

You collected 54 gold pieces.

Inventory:

Armour
 a - a +0 robe (worn)
Jewellery
 f - a +6 ring of intelligence (left hand)
Potions
 b - a potion of lignification
 c - a potion of might {unknown}
 d - 2 potions of brilliance


   Skills:
 + Level 1.0 Fighting
 + Level 2.1 Dodging
 + Level 3.2 Unarmed Combat
 + Level 2.2 Spellcasting
 + Level 1.9 Transmutations


You had 3 spell levels left.
You knew the following spells:

 Your Spells              Type           Power      Damage    Failure   Level
a - Beastly Appendage     Tmut           20%        N/A       6%          1
b - Wereblood             Tmut           10%        N/A       10%         2

Your spell library contained the following spells:

 Spells                   Type           Power      Damage    Failure   Level
 Spider Form              Tmut/Pois      6%         N/A       28%         3
 Inner Flame              Hex/Fire       2%         N/A       41%         3
 Ice Form                 Ice/Tmut       6%         N/A       67%         4
 Yara's Violent Unravell  Hex/Tmut       3%         3d4       95%         5
 Enfeeble                 Hex            1%         N/A       100%        7


Dungeon Overview and Level Annotations

Branches:
Dungeon (2/15)

Annotations:
D:2 Terence


Innate Abilities, Weirdness & Mutations

You have temporarily grown beastly horns and talons.
You have an increased reservoir of magic. (+10% MP)
You shall have no god before yourself.
Your divine heritage dramatically boosts your attributes as you level up.


Message History

A goblin comes into view. It is wielding a +0 dagger.
You miss the adder.
The goblin shouts!
Your kick misses the adder. You headbutt the adder.
The adder is lightly wounded.
The adder barely misses you.
You barely miss the adder. Your punch misses the adder.
The adder is lightly wounded.
The adder bites you.
You miss the adder.
The adder is lightly wounded.
Your horns disappear.
Your talons disappear.
The adder barely misses you. The adder misses you.
Casting: Beastly Appendage (safe; 7% risk of failure)
Confirm with . or Enter, or press ? or * to list all spells.
Your blood is infused with primal strength.
The adder bites you.
You are poisoned.
The adder poisons you! Terence closely misses you.
You grow a pair of large bovine horns.
Your feet morph into talons.
You feel sick. The adder bites you.
You are more poisoned.
The adder poisons you! Terence hits you with a +0 flail.
You closely miss the adder. Your kick misses the adder.
Your headbutt misses the adder.
The adder is lightly wounded.
You feel sick. The adder bites you.
You hit the adder. You claw the adder.
You feel a bit better.
You kill the adder!
* * * LOW HITPOINT WARNING * * *
You feel sick. Terence barely misses you.
Your Fighting skill increases to level 1!
You have reached level 3!
Your experience leads to a dramatic increase in your attributes!
Your base attributes are Str 11, Int 15, Dex 14.
Increase (S)trength, (I)ntelligence, or (D)exterity?
You feel stronger. x4
You fade into invisibility!
You feel sick. Terence hits you with a +0 flail!
You die...

########### #.........#
#.........# #.........#
#.........########
#...............<#
#....†@..........#
#...g@........>..#
....>...........###
.............##........
.............######....
............## ..
!...........#
............# ...(....#


You could see Terence (unable to see you) and a goblin (unable to see you).

Vanquished Creatures
  An adder (D:2)
  A dart slug (D:1)
  A ball python (D:1)
  2 endoplasms
  4 goblins (D:1)
  3 hobgoblins (D:1)
  4 quokkas
  2 bats (D:1)
  3 frilled lizards (D:1)
  3 kobolds (D:1)
  2 rats (D:1)
26 creatures vanquished.

Notes
Turn   | Place    | Note
-------+----------+-------------------------------------------
     0 | D:1      | BANAMAN the Demigod Transmuter began the quest for the Orb.
     0 | D:1      | Reached XP level 1. HP: 15/15 MP: 5/5
   251 | D:1      | Reached XP level 2. HP: 20/22 MP: 7/7
   270 | D:1      | Learned a level 2 spell: Wereblood
   304 | D:1      | Reached skill level 3 in Unarmed Combat
   971 | D:2      | Noticed Terence
   981 | D:2      | Reached skill level 1 in Fighting
   981 | D:2      | Reached XP level 3. HP: 8/28 MP: 5/9
   981 | D:2      | Mangled by Terence

Illustrated notes

Levels and vault maps discovered:
D:1:      onia_arrival_pyramid, layout_loops_ring
D:2:      layout_rooms, ebering_dispersal_statue_hall, uniq_terence, uniq_robin

Skill      XL: |  1  2 |
---------------+-------+-----
Spellcasting   | 2 |  2.2
Unarmed Combat | 3 |  3.2
Dodging        | 2 |  2.1
Fighting       | 1 |  1.0
Transmutations | |  1.9

Action                     || total
---------------------------++-------
  Melee: Unarmed           ||    89
         Punch             ||     2
         Kick              ||     7
         Headbutt          ||     5
   Cast: Beastly Appendage ||    11
         Wereblood         ||     3
    Use: Potion            ||     4
         Scroll            ||     2
 Armour: Robe              ||    20
  Dodge: Dodged            ||    69
